Capitals vs Ducks

Created - 2 octobre 2019 at 19:24

Simulating a Pre-Season

Goals
1 2 3 T
Capitals 0 0 2 2
Ducks 0 2 1 3
Shots
1 2 3 T
Capitals 5 7 13 25
Ducks 3 13 12 28

1st period

No Goal

Penalties :
Milan Lucic (ANA) for Slashing (Minor) at 14:04

2nd period

1. Ducks , Tom Wilson 3 (Deryk Engelland 1, Elias Lindholm 5) at 1:48 (PP)
2. Ducks , David Perron 2 (Elias Lindholm 6, Tom Wilson 7) at 4:57

Penalties :
Ian Cole (WAS) for Hooking (Minor) at 0:54

3rd period

3. Capitals , Claude Giroux 4 (Tomas Tatar 5) at 2:54 (PP)
4. Capitals , Valtteri Filppula 5 (Ian Cole 3) at 7:00
5. Ducks , Craig Smith 4 (Jean-Gabriel Pageau 4) at 7:30

Penalties :
David Perron (ANA) for Interference (Minor) at 2:27, David Perron (ANA) for Hooking (Minor) at 3:32, Tom Wilson (ANA) for Holding (Minor) at 4:44, Oliver Ekman-Larsson (WAS) for Goalie Interference (Minor) at 19:09

Goalie Stats

Antti Raanta (WAS), 25 saves from 28 shots - (0,893), L, 5-4-0, 60:00 minutes
Jacob Markstrom (ANA), 23 saves from 25 shots - (0,920), W, 6-4-2, 60:00 minutes

Players Stats for Capitals

Player Name              G  A  P  +/- PIM S  H  SB GA TA FO     MP     PP MP  PK MP  
------------------------------------------------------------------------------------
Anton Stralman           0  0  0   0  0   0  0  0  0  1  0/0    17:35   2:49   0:00 
Brady Skjei              0  0  0  -1  0   2  0  1  0  0  0/0    18:15   2:20   0:00 
Brock Nelson             0  0  0   0  0   1  6  0  0  1  3/9    16:03   1:18   0:00 
Claude Giroux            1  0  1  -2  0   7  1  0  2  0  15/24  20:37   3:36   0:00 
Damon Severson           0  0  0  -1  0   1  2  5  0  0  0/0    25:06   2:31   0:54 
Darren Helm              0  0  0   1  0   0  0  0  1  0  0/1    12:51   0:14   1:29 
Derek Grant              0  0  0   0  0   0  0  0  0  0  0/0    11:17   0:52   0:12 
Elias Pettersson         0  0  0   0  0   2  1  0  1  1  1/3    15:42   1:18   0:03 
Ian Cole                 0  1  1   0  2   1  4  0  0  0  0/0    17:01   0:00   0:50 
Jake Guentzel            0  0  0  -2  0   2  1  1  0  1  1/3    20:02   3:36   0:00 
Joel Eriksson Ek         0  0  0   1  0   0  6  1  0  0  0/1    12:01   0:36   0:00 
Josh Bailey              0  0  0   0  0   2  1  0  0  0  0/0    15:22   1:08   0:00 
Oliver Ekman-Larsson     0  0  0  -1  2   0  2  1  1  1  0/0    23:54   3:05   0:00 
Riley Sheahan            0  0  0   0  0   0  0  0  0  0  3/6    10:18   0:00   0:15 
Tomas Tatar              0  1  1  -2  0   3  0  0  0  1  3/4    20:20   3:30   0:00 
Tyler Pitlick            0  0  0   0  0   0  2  0  0  0  0/0    10:03   0:00   0:00 
Valtteri Filppula        1  0  1   1  0   4  0  1  0  0  3/7    13:40   0:43   1:29 
Zach Bogosian            0  0  0   1  0   0  1  2  0  0  0/0    18:07   0:29   1:44 

Players Stats for Ducks

Player Name              G  A  P  +/- PIM S  H  SB GA TA FO     MP     PP MP  PK MP  
------------------------------------------------------------------------------------
Alexander Edler          0  0  0   1  0   2  0  4  0  1  0/0    26:05   1:11   3:21 
Andreas Englund          0  0  0   0  0   0  0  0  0  0  0/0     0:26   0:00   0:00 
Andrew Poturalski        0  0  0   0  0   0  0  0  0  0  0/1     6:17   0:00   0:00 
Connor Carrick           0  0  0   0  0   0  0  0  0  0  0/0     6:38   0:00   0:00 
Craig Smith              1  0  1   1  0   5  2  1  2  0  0/0    18:38   0:39   0:43 
David Perron             1  0  1   1  4   2  3  1  1  0  1/2    19:59   1:05   1:16 
Deryk Engelland          0  1  1   0  0   2  2  2  0  0  0/0    18:14   0:33   2:16 
Elias Lindholm           0  2  2   1  0   5  3  1  1  0  12/29  23:17   1:05   3:27 
Jack Johnson             0  0  0   1  0   0  0  1  0  1  0/0    25:40   1:11   3:21 
Jean-Gabriel Pageau      0  1  1   1  0   2  2  3  0  1  2/2    17:25   0:39   0:00 
Jordan Staal             0  0  0   1  0   3  0  1  0  1  9/14   22:24   0:39   3:10 
Maxime Lajoie            0  0  0   0  0   0  0  0  0  0  0/0     5:39   0:00   0:00 
Mike Green               0  0  0   0  0   1  0  0  0  0  0/0    10:36   0:00   0:00 
Milan Lucic              0  0  0  -1  2   1  3  0  1  0  0/0    14:43   0:00   0:00 
Nick Leddy               0  0  0   0  0   1  0  0  0  0  0/0    18:11   0:33   2:16 
Riley Nash               0  0  0  -1  0   1  1  0  0  0  4/7    14:11   0:00   0:00 
Scott Mayfield           0  0  0   0  0   1  0  1  0  0  0/0    10:36   0:00   0:00 
Tom Wilson               1  1  2   1  2   1  4  1  1  0  0/2    19:02   1:05   0:52 
Trevor Lewis             0  0  0  -1  0   1  1  1  0  1  1/1    15:31   0:00   0:58 

3 Stars

1 - Tom Wilson (ANA)
2 - Elias Lindholm (ANA)
3 - Craig Smith (ANA)

Power Play

Capitals - 1 on 4 Attempt(s) - 25,00%
Ducks - 1 on 2 Attempt(s) - 50,00%

Penalty Kill

Capitals - 1 on 2 Attempt(s) - 50,00% - Score 0 goal in Penalty Kill
Ducks - 3 on 4 Attempt(s) - 75,00% - Score 0 goal in Penalty Kill

Team Stat

Capitals - Hits : 27 - Faceoff Wins : 29 - Blocked Shots : 12 - Penalty Minutes : 4
Ducks - Hits : 21 - Faceoff Wins : 29 - Blocked Shots : 17 - Penalty Minutes : 8

Official

Referees : Mark Lemelin and Dan O'Halloran
Linesman : Brian Mach and John Grandt

Game Notes

No Game Note

Capitals

5 vs 5 Forward 
   Center                   Left Wing                Right Wing               Time % Phy DF OF 
 1 Claude Giroux            Jake Guentzel            Tomas Tatar              35     1   1  3  
 2 Brock Nelson             Elias Pettersson         Josh Bailey              30     1   1  3  
 3 Valtteri Filppula        Darren Helm              Joel Eriksson Ek         23     1   2  2  
 4 Riley Sheahan            Derek Grant              Tyler Pitlick            12     1   3  1  

5 vs 5 Defense 
   Defense                  Defense                                           Time % Phy DF OF 
 1 Damon Severson           Oliver Ekman-Larsson                              31     1   2  2  
 2 Ian Cole                 Brady Skjei                                       30     1   2  2  
 3 Anton Stralman           Zach Bogosian                                     29     1   2  2  
 4 Damon Severson           Oliver Ekman-Larsson                              10     1   2  2  

PowerPlay Forward 
   Center                   Left Wing                Right Wing               Time % Phy DF OF 
 1 Claude Giroux            Jake Guentzel            Tomas Tatar              60     1   2  2  
 2 Brock Nelson             Elias Pettersson         Josh Bailey              40     1   2  2  

PowerPlay Defense
   Defense                  Defense                                           Time % Phy DF OF 
 1 Damon Severson           Oliver Ekman-Larsson                              60     1   2  2  
 2 Anton Stralman           Brady Skjei                                       40     1   2  2  

Penalty Kill 4 Players Forward 
   Center                   Wing                     Time % Phy DF OF 
 1 Valtteri Filppula        Darren Helm              60     1   2  2  
 2 Derek Grant              Riley Sheahan            40     1   2  2  

Penalty Kill 4 Players Defense
   Defense                  Defense                  Time % Phy DF OF 
 1 Ian Cole                 Zach Bogosian            60     1   2  2  
 2 Brady Skjei              Damon Severson           40     1   2  2  

Penalty Kill - 3 Players Forward 
   Forward                                           Time % Phy DF OF 
 1 Riley Sheahan                                     60     1   2  2  
 2 Darren Helm                                       40     1   2  2  

Penalty Kill - 3 Players Defense
   Defense                  Defense                  Time % Phy DF OF 
 1 Ian Cole                 Zach Bogosian            60     1   2  2  
 2 Brady Skjei              Damon Severson           40     1   2  2  

4 vs 4 Forward 
   Center                   Wing                     Time % Phy DF OF 
 1 Claude Giroux            Jake Guentzel            60     1   2  2  
 2 Brock Nelson             Elias Pettersson         40     1   2  2  

4 vs 4 Defense
   Defense                  Defense                  Time % Phy DF OF 
 1 Damon Severson           Oliver Ekman-Larsson     60     1   2  2  
 2 Anton Stralman           Brady Skjei              40     1   2  2  

Last Minutes Offensive
   Center                   Left Wing                Right Wing               Defense                  Defense                  
   Claude Giroux            Brock Nelson             Tomas Tatar              Damon Severson           Oliver Ekman-Larsson     

Last Minutes Defensive
   Center                   Left Wing                Right Wing               Defense                  Defense                  
   Claude Giroux            Brock Nelson             Tomas Tatar              Damon Severson           Oliver Ekman-Larsson     

Goaltenders
Starting : Antti Raanta             
Backup : Samuel Montembeault      

Extra Forwards
Normal : Derek Grant, Valtteri Filppula, Riley Sheahan - PP : Derek Grant, Valtteri Filppula - PK : Riley Sheahan
Extra Defensemen
Normal : Anton Stralman, Zach Bogosian, Ian Cole - PP : Anton Stralman - PK : Zach Bogosian, Ian Cole
Penalty Shots
Claude Giroux, Brock Nelson, Elias Pettersson, Jake Guentzel, Tomas Tatar
Custom OT Lines Forwards
Claude Giroux, Brock Nelson, Elias Pettersson, Jake Guentzel, Tomas Tatar, Josh Bailey, Valtteri Filppula, Riley Sheahan, Darren Helm, Joel Eriksson Ek
Custom OT Lines Defensemen
Damon Severson, Oliver Ekman-Larsson, Ian Cole, Brady Skjei, Anton Stralman

Scratches
Ben Chiarot (Healthy)

Ducks

5 vs 5 Forward 
   Center                   Left Wing                Right Wing               Time % Phy DF OF 
 1 Elias Lindholm           David Perron             Tom Wilson               40     1   2  2  
 2 Jordan Staal             Craig Smith              Jean-Gabriel Pageau      30     1   2  2  
 3 Riley Nash               Milan Lucic              Trevor Lewis             20     1   2  2  
 4 Andrew Poturalski        Elias Lindholm           Jordan Staal             10     1   2  2  

5 vs 5 Defense 
   Defense                  Defense                                           Time % Phy DF OF 
 1 Alexander Edler          Jack Johnson                                      40     1   2  2  
 2 Nick Leddy               Deryk Engelland                                   30     1   2  2  
 3 Mike Green               Scott Mayfield                                    20     1   2  2  
 4 Maxime Lajoie            Connor Carrick                                    10     1   2  2  

PowerPlay Forward 
   Center                   Left Wing                Right Wing               Time % Phy DF OF 
 1 Elias Lindholm           David Perron             Tom Wilson               60     1   2  2  
 2 Jordan Staal             Craig Smith              Jean-Gabriel Pageau      40     1   2  2  

PowerPlay Defense
   Defense                  Defense                                           Time % Phy DF OF 
 1 Alexander Edler          Jack Johnson                                      60     1   2  2  
 2 Nick Leddy               Deryk Engelland                                   40     1   2  2  

Penalty Kill 4 Players Forward 
   Center                   Wing                     Time % Phy DF OF 
 1 Elias Lindholm           Jordan Staal             60     1   2  2  
 2 Tom Wilson               David Perron             40     1   2  2  

Penalty Kill 4 Players Defense
   Defense                  Defense                  Time % Phy DF OF 
 1 Alexander Edler          Jack Johnson             60     1   2  2  
 2 Nick Leddy               Deryk Engelland          40     1   2  2  

Penalty Kill - 3 Players Forward 
   Forward                                           Time % Phy DF OF 
 1 Elias Lindholm                                    60     1   2  2  
 2 Jordan Staal                                      40     1   2  2  

Penalty Kill - 3 Players Defense
   Defense                  Defense                  Time % Phy DF OF 
 1 Alexander Edler          Jack Johnson             60     1   2  2  
 2 Nick Leddy               Deryk Engelland          40     1   2  2  

4 vs 4 Forward 
   Center                   Wing                     Time % Phy DF OF 
 1 Elias Lindholm           Jordan Staal             60     1   2  2  
 2 Tom Wilson               David Perron             40     1   2  2  

4 vs 4 Defense
   Defense                  Defense                  Time % Phy DF OF 
 1 Alexander Edler          Jack Johnson             60     1   2  2  
 2 Nick Leddy               Deryk Engelland          40     1   2  2  

Last Minutes Offensive
   Center                   Left Wing                Right Wing               Defense                  Defense                  
   Elias Lindholm           David Perron             Tom Wilson               Alexander Edler          Jack Johnson             

Last Minutes Defensive
   Center                   Left Wing                Right Wing               Defense                  Defense                  
   Elias Lindholm           David Perron             Tom Wilson               Alexander Edler          Jack Johnson             

Goaltenders
Starting : Jacob Markstrom          
Backup : Cal Petersen             

Extra Forwards
Normal : Milan Lucic, Riley Nash, Trevor Lewis - PP : Milan Lucic, Riley Nash - PK : Trevor Lewis
Extra Defensemen
Normal : Andreas Englund, Mike Green, Scott Mayfield - PP : Andreas Englund - PK : Mike Green, Scott Mayfield
Penalty Shots
Elias Lindholm, Jordan Staal, Tom Wilson, David Perron, Craig Smith
Custom OT Lines Forwards
Elias Lindholm, Jordan Staal, Tom Wilson, David Perron, Craig Smith, Jean-Gabriel Pageau, Milan Lucic, Riley Nash, Trevor Lewis, Andrew Poturalski
Custom OT Lines Defensemen
Alexander Edler, Jack Johnson, Nick Leddy, Deryk Engelland, Mike Green

Scratches
Patrik Laine (Healthy), William Borgen (Healthy), Phillip Danault (Left Eye Injury), Ryan Dmowski (Healthy)

% Time on Ice - Capitals

Lines # - Real PCT - Wanted PCT - Time Play
Normal Forward
1 - 31% - 35% - 16:26
2 - 28% - 30% - 14:38
3 - 21% - 23% - 11:08
4 - 19% - 12% - 10:03
Normal Defense
1 - 33% - 31% - 17:15
2 - 30% - 30% - 15:38
3 - 29% - 29% - 15:03
4 - 8% - 10% - 4:19
PP Forward
1 - 77% - 60% - 4:19
2 - 23% - 40% - 1:18
PP Defense
1 - 64% - 60% - 3:34
2 - 36% - 40% - 2:03
PK Forward
1 - 88% - 60% - 1:32
2 - 12% - 40% - 0:12
PK Defense
1 - 100% - 60% - 1:44
2 - 0% - 40% - 0:00
PK3 Forward
1 - 0% - 60%
2 - 0% - 40%
PK3 Defense
1 - 0% - 60%
2 - 0% - 40%
44 Forward
1 - 0% - 60%
2 - 0% - 40%
44 Defense
1 - 0% - 60%
2 - 0% - 40%
Last Minute Offensive  - 0:24
Last Minute Defensive  - 0:00
Total
Forward - 60:00
Defense - 60:00

% Time on Ice - Ducks

Lines # - Real PCT - Wanted PCT - Time Play
Normal Forward
1 - 35% - 40% - 18:30
2 - 34% - 30% - 17:40
3 - 23% - 20% - 12:13
4 - 7% - 10% - 3:55
Normal Defense
1 - 40% - 40% - 20:55
2 - 29% - 30% - 15:22
3 - 20% - 20% - 10:22
4 - 11% - 10% - 5:39
PP Forward
1 - 63% - 60% - 1:05
2 - 38% - 40% - 0:39
PP Defense
1 - 68% - 60% - 1:11
2 - 32% - 40% - 0:33
PK Forward
1 - 73% - 60% - 3:33
2 - 27% - 40% - 1:17
PK Defense
1 - 53% - 60% - 2:34
2 - 47% - 40% - 2:16
PK3 Forward
1 - 100% - 60% - 0:47
2 - 0% - 40% - 0:00
PK3 Defense
1 - 100% - 60% - 0:47
2 - 0% - 40% - 0:00
44 Forward
1 - 0% - 60%
2 - 0% - 40%
44 Defense
1 - 0% - 60%
2 - 0% - 40%
Last Minute Offensive  - 0:00
Last Minute Defensive  - 0:21
Total
Forward - 60:00
Defense - 60:00

Play-by-Play

1st period


0:01 of 1st period - David Perron wins face-off versus Claude Giroux in neutral zone.
0:58 of 1st period - Wrist shot by Joel Eriksson Ek.
0:58 of 1st period - Shot Misses the Net.
1:12 of 1st period - Snap shot by David Perron.
1:12 of 1st period - Stopped by Antti Raanta with a rebound.
1:26 of 1st period - Scott Mayfield is hit by Ian Cole and loses puck.
1:33 of 1st period - Snap shot by Jake Guentzel.
1:33 of 1st period - Shot Misses the Net.
3:07 of 1st period - Snap shot by Brock Nelson.
3:07 of 1st period - Deflect By Elias Pettersson.
3:07 of 1st period - Stopped by Jacob Markstrom without a rebound.
3:08 of 1st period - Claude Giroux wins face-off versus Riley Nash in Ducks zone.
3:35 of 1st period - Alexander Edler is hit by Joel Eriksson Ek.
4:10 of 1st period - Icing by Damon Severson.
4:11 of 1st period - Trevor Lewis wins face-off versus Tomas Tatar in Capitals zone.
4:12 of 1st period - Snap shot by Craig Smith.
4:12 of 1st period - Shot Blocked by Damon Severson.
6:18 of 1st period - Wrist shot by Brock Nelson.
6:18 of 1st period - Stopped by Jacob Markstrom without a rebound.
6:19 of 1st period - Elias Lindholm wins face-off versus Brock Nelson in Ducks zone.
6:32 of 1st period - Snap shot by Claude Giroux.
6:32 of 1st period - Deflect By Jake Guentzel.
6:32 of 1st period - Stopped by Jacob Markstrom without a rebound.
6:33 of 1st period - Riley Nash wins face-off versus Jake Guentzel in Ducks zone.
7:22 of 1st period - Elias Lindholm is hit by Ian Cole and loses puck.
8:01 of 1st period - Wrist shot by Claude Giroux.
8:01 of 1st period - Shot Misses the Net.
8:03 of 1st period - Backhand shot by Zach Bogosian.
8:03 of 1st period - Deflect By Claude Giroux.
8:03 of 1st period - Shot Blocked by Jean-Gabriel Pageau.
8:03 of 1st period - Puck is out of play.
8:04 of 1st period - Jordan Staal wins face-off versus Claude Giroux in Ducks zone.
8:04 of 1st period - Jordan Staal is hit by Jake Guentzel.
8:24 of 1st period - Snap shot by Claude Giroux.
8:24 of 1st period - Shot Blocked by Alexander Edler.
8:26 of 1st period - Snap shot by Damon Severson.
8:26 of 1st period - Shot Blocked by Jean-Gabriel Pageau.
8:42 of 1st period - Snap shot by Jake Guentzel.
8:42 of 1st period - Deflect By Claude Giroux.
8:42 of 1st period - Shot Misses the Net.
8:42 of 1st period - Puck is out of play.
8:43 of 1st period - Brock Nelson wins face-off versus Elias Lindholm in Ducks zone.
8:52 of 1st period - Snap shot by Elias Pettersson.
8:52 of 1st period - Stopped by Jacob Markstrom with a rebound.
9:00 of 1st period - Wrist shot by David Perron.
9:00 of 1st period - Shot Misses the Net.
9:15 of 1st period - Snap shot by Milan Lucic.
9:15 of 1st period - Stopped by Antti Raanta with a rebound.
9:39 of 1st period - Wrist shot by Tyler Pitlick.
9:39 of 1st period - Shot Misses the Net.
9:41 of 1st period - Slapshot by Riley Sheahan.
9:41 of 1st period - Shot Misses the Net.
10:48 of 1st period - Tom Wilson is hit by Zach Bogosian.
11:03 of 1st period - Icing by David Perron.
11:04 of 1st period - Brock Nelson wins face-off versus Elias Lindholm in Ducks zone.
11:07 of 1st period - Wrist shot by Josh Bailey.
11:07 of 1st period - Stopped by Jacob Markstrom without a rebound.
11:08 of 1st period - Jordan Staal wins face-off versus Brock Nelson in Ducks zone.
11:17 of 1st period - Wrist shot by Jordan Staal.
11:17 of 1st period - Stopped by Antti Raanta without a rebound.
11:18 of 1st period - Jordan Staal wins face-off versus Claude Giroux in Capitals zone.
11:49 of 1st period - Off-side.
11:50 of 1st period - Riley Nash wins face-off versus Elias Pettersson in neutral zone.
11:55 of 1st period - Josh Bailey is hit by Milan Lucic.
12:17 of 1st period - Riley Nash is hit by Brock Nelson.
12:49 of 1st period - Josh Bailey is hit by Trevor Lewis and loses puck.
13:05 of 1st period - Oliver Ekman-Larsson is hit by Riley Nash and loses puck.
13:52 of 1st period - Trevor Lewis is hit by Brock Nelson and loses puck.
14:04 of 1st period - Minor Penalty to Milan Lucic for Slashing.
14:05 of 1st period - Claude Giroux wins face-off versus Jordan Staal in Ducks zone.
14:19 of 1st period - Snap shot by Claude Giroux.
14:19 of 1st period - Shot Blocked by Elias Lindholm.
14:21 of 1st period - Snap shot by Jake Guentzel.
14:21 of 1st period - Shot Misses the Net.
15:09 of 1st period - Nick Leddy is hit by Joel Eriksson Ek and loses puck.
15:14 of 1st period - Wrist shot by Oliver Ekman-Larsson.
15:14 of 1st period - Shot Misses the Net.
15:16 of 1st period - Snap shot by Anton Stralman.
15:16 of 1st period - Deflect By Darren Helm.
15:16 of 1st period - Shot Misses the Net.
15:16 of 1st period - Puck is out of play.
15:17 of 1st period - Claude Giroux wins face-off versus Tom Wilson in Ducks zone.
16:04 of 1st period - Penalty to Milan Lucic is over, Milan Lucic is back on ice.
16:11 of 1st period - Tomas Tatar is hit by Craig Smith and loses puck.
16:51 of 1st period - Damon Severson is hit by David Perron.
17:14 of 1st period - Milan Lucic is hit by Joel Eriksson Ek and loses puck.
19:36 of 1st period - Jean-Gabriel Pageau is hit by Brock Nelson and loses puck.
19:47 of 1st period - David Perron is hit by Joel Eriksson Ek and loses puck.
Goals for this period are 0 for Capitals vs 0 for Ducks.
Shots for this period are 5 for Capitals vs 3 for Ducks.

2nd period


0:01 of 2nd period - Elias Lindholm wins face-off versus Jake Guentzel in neutral zone.
0:26 of 2nd period - Jordan Staal is hit by Joel Eriksson Ek and loses puck.
0:49 of 2nd period - Slapshot by Trevor Lewis.
0:49 of 2nd period - Stopped by Antti Raanta without a rebound.
0:50 of 2nd period - Elias Lindholm wins face-off versus Riley Sheahan in Capitals zone.
0:54 of 2nd period - Minor Penalty to Ian Cole for Hooking.
0:55 of 2nd period - Valtteri Filppula wins face-off versus Elias Lindholm in Capitals zone.
0:55 of 2nd period - Valtteri Filppula is hit by Elias Lindholm.
1:12 of 2nd period - Backhand shot by Elias Lindholm.
1:12 of 2nd period - Deflect By Tom Wilson.
1:12 of 2nd period - Shot Blocked by Valtteri Filppula.
1:12 of 2nd period - Puck is out of play.
1:13 of 2nd period - Jordan Staal wins face-off versus Valtteri Filppula in Capitals zone.
1:18 of 2nd period - Slapshot by Alexander Edler.
1:18 of 2nd period - Shot Blocked by Zach Bogosian.
1:46 of 2nd period - Slapshot by Elias Lindholm.
1:46 of 2nd period - Shot Misses the Net.
1:48 of 2nd period - Slapshot by Deryk Engelland.
1:48 of 2nd period - Deflect By Tom Wilson.
1:48 of 2nd period - Goal by Tom Wilson - Capitals : 0 - Ducks : 1.
1:49 of 2nd period - Claude Giroux wins face-off versus Elias Lindholm in neutral zone.
2:02 of 2nd period - Snap shot by Jake Guentzel.
2:02 of 2nd period - Shot Hit the Post.
2:04 of 2nd period - Slapshot by Ian Cole.
2:04 of 2nd period - Shot Blocked by Tom Wilson.
2:06 of 2nd period - Wrist shot by Tomas Tatar.
2:06 of 2nd period - Shot Misses the Net.
2:25 of 2nd period - Valtteri Filppula is hit by Jean-Gabriel Pageau.
3:43 of 2nd period - Snap shot by Jordan Staal.
3:43 of 2nd period - Shot Blocked by Zach Bogosian.
3:45 of 2nd period - Slapshot by Deryk Engelland.
3:45 of 2nd period - Stopped by Antti Raanta with a rebound.
4:24 of 2nd period - Off-side.
4:25 of 2nd period - Jordan Staal wins face-off versus Riley Sheahan in neutral zone.
4:28 of 2nd period - Slapshot by Craig Smith.
4:28 of 2nd period - Stopped by Antti Raanta without a rebound.
4:29 of 2nd period - Riley Sheahan wins face-off versus Jordan Staal in Capitals zone.
4:41 of 2nd period - Wrist shot by Jordan Staal.
4:41 of 2nd period - Stopped by Antti Raanta without a rebound.
4:42 of 2nd period - Claude Giroux wins face-off versus Elias Lindholm in Capitals zone.
4:47 of 2nd period - Wrist shot by Claude Giroux.
4:47 of 2nd period - Stopped by Jacob Markstrom without a rebound.
4:48 of 2nd period - Claude Giroux wins face-off versus Elias Lindholm in Ducks zone.
4:49 of 2nd period - Wrist shot by Tomas Tatar.
4:49 of 2nd period - Stopped by Jacob Markstrom with a rebound.
4:55 of 2nd period - Backhand shot by Elias Lindholm.
4:55 of 2nd period - Shot Blocked by Jake Guentzel.
4:57 of 2nd period - Slapshot by David Perron.
4:57 of 2nd period - Goal by David Perron - Capitals : 0 - Ducks : 2.
4:58 of 2nd period - Tomas Tatar wins face-off versus Elias Lindholm in neutral zone.
5:29 of 2nd period - Wrist shot by Elias Lindholm.
5:29 of 2nd period - Shot Blocked by Damon Severson.
5:31 of 2nd period - Slapshot by Alexander Edler.
5:31 of 2nd period - Stopped by Antti Raanta without a rebound.
5:32 of 2nd period - Jordan Staal wins face-off versus Valtteri Filppula in Capitals zone.
5:33 of 2nd period - Snap shot by Jean-Gabriel Pageau.
5:33 of 2nd period - Deflect By Craig Smith.
5:33 of 2nd period - Shot Misses the Net.
5:33 of 2nd period - Puck is out of play.
5:34 of 2nd period - Jordan Staal wins face-off versus Joel Eriksson Ek in Capitals zone.
5:35 of 2nd period - Snap shot by Craig Smith.
5:35 of 2nd period - Shot Misses the Net.
5:39 of 2nd period - Snap shot by Craig Smith.
5:39 of 2nd period - Stopped by Antti Raanta with a rebound.
5:41 of 2nd period - Slapshot by Jordan Staal.
5:41 of 2nd period - Shot Misses the Net.
5:43 of 2nd period - Slapshot by Craig Smith.
5:43 of 2nd period - Stopped by Antti Raanta with a rebound.
5:45 of 2nd period - Wrist shot by Jordan Staal.
5:45 of 2nd period - Shot Blocked by Brady Skjei.
7:49 of 2nd period - Riley Nash is hit by Brock Nelson and loses puck.
8:00 of 2nd period - Zach Bogosian is hit by Jean-Gabriel Pageau and loses puck.
8:40 of 2nd period - Zach Bogosian is hit by Elias Lindholm and loses puck.
9:17 of 2nd period - Tomas Tatar is hit by Milan Lucic and loses puck.
9:41 of 2nd period - Off-side.
9:42 of 2nd period - Valtteri Filppula wins face-off versus Andrew Poturalski in neutral zone.
9:45 of 2nd period - David Perron is hit by Joel Eriksson Ek and loses puck.
10:18 of 2nd period - Tomas Tatar is hit by David Perron and loses puck.
11:04 of 2nd period - Wrist shot by Claude Giroux.
11:04 of 2nd period - Stopped by Jacob Markstrom without a rebound.
11:05 of 2nd period - Riley Nash wins face-off versus Brock Nelson in Ducks zone.
11:14 of 2nd period - Wrist shot by Elias Pettersson.
11:14 of 2nd period - Shot Misses the Net.
11:16 of 2nd period - Snap shot by Josh Bailey.
11:16 of 2nd period - Shot Misses the Net.
11:18 of 2nd period - Slapshot by Brady Skjei.
11:18 of 2nd period - Shot Blocked by Jack Johnson.
11:20 of 2nd period - Slapshot by Brady Skjei.
11:20 of 2nd period - Stopped by Jacob Markstrom with a rebound.
11:22 of 2nd period - Slapshot by Josh Bailey.
11:22 of 2nd period - Stopped by Jacob Markstrom with a rebound.
11:32 of 2nd period - Valtteri Filppula is hit by Tom Wilson and loses puck.
11:39 of 2nd period - Wrist shot by Elias Lindholm.
11:39 of 2nd period - Shot Misses the Net.
11:55 of 2nd period - Wrist shot by Craig Smith.
11:55 of 2nd period - Shot Misses the Net.
12:30 of 2nd period - Wrist shot by Jordan Staal.
12:30 of 2nd period - Shot Misses the Net.
12:32 of 2nd period - Slapshot by Mike Green.
12:32 of 2nd period - Stopped by Antti Raanta with a rebound.
12:34 of 2nd period - Snap shot by Craig Smith.
12:34 of 2nd period - Stopped by Antti Raanta with a rebound.
12:36 of 2nd period - Snap shot by Jean-Gabriel Pageau.
12:36 of 2nd period - Shot Misses the Net.
12:38 of 2nd period - Backhand shot by Craig Smith.
12:38 of 2nd period - Deflect By Jean-Gabriel Pageau.
12:38 of 2nd period - Shot Blocked by Joel Eriksson Ek.
12:38 of 2nd period - Puck is out of play.
12:39 of 2nd period - Tomas Tatar wins face-off versus Elias Lindholm in Capitals zone.
12:39 of 2nd period - Tomas Tatar is hit by David Perron.
13:06 of 2nd period - Trevor Lewis is hit by Josh Bailey and loses puck.
13:39 of 2nd period - Wrist shot by Oliver Ekman-Larsson.
13:39 of 2nd period - Deflect By Tyler Pitlick.
13:39 of 2nd period - Shot Hit the Post.
13:39 of 2nd period - Puck is out of play.
13:40 of 2nd period - Jean-Gabriel Pageau wins face-off versus Riley Sheahan in Ducks zone.
13:49 of 2nd period - Snap shot by Jordan Staal.
13:49 of 2nd period - Stopped by Antti Raanta without a rebound.
13:50 of 2nd period - Claude Giroux wins face-off versus Elias Lindholm in Capitals zone.
13:50 of 2nd period - Claude Giroux is hit by Tom Wilson.
14:45 of 2nd period - Claude Giroux is hit by Deryk Engelland.
14:59 of 2nd period - Snap shot by Claude Giroux.
14:59 of 2nd period - Stopped by Jacob Markstrom without a rebound.
15:00 of 2nd period - Elias Lindholm wins face-off versus Brock Nelson in Ducks zone.
15:00 of 2nd period - Elias Lindholm is hit by Brock Nelson.
15:17 of 2nd period - Slapshot by Elias Lindholm.
15:17 of 2nd period - Shot Misses the Net.
15:40 of 2nd period - Off-side.
15:41 of 2nd period - Riley Sheahan wins face-off versus Riley Nash in neutral zone.
16:11 of 2nd period - Wrist shot by Josh Bailey.
16:11 of 2nd period - Shot Blocked by Scott Mayfield.
16:56 of 2nd period - Wrist shot by Claude Giroux.
16:56 of 2nd period - Shot Misses the Net.
17:32 of 2nd period - Slapshot by Oliver Ekman-Larsson.
17:32 of 2nd period - Shot Blocked by Deryk Engelland.
18:49 of 2nd period - Scott Mayfield is hit by Oliver Ekman-Larsson and loses puck.
19:20 of 2nd period - Backhand shot by Valtteri Filppula.
19:20 of 2nd period - Stopped by Jacob Markstrom with a rebound.
19:32 of 2nd period - Snap shot by Jordan Staal.
19:32 of 2nd period - Shot Misses the Net.
19:34 of 2nd period - Slapshot by Jean-Gabriel Pageau.
19:34 of 2nd period - Stopped by Antti Raanta with a rebound.
19:36 of 2nd period - Slapshot by Jack Johnson.
19:36 of 2nd period - Shot Misses the Net.
19:46 of 2nd period - Tom Wilson is hit by Ian Cole and loses puck.
Goals for this period are 0 for Capitals vs 2 for Ducks.
Shots for this period are 7 for Capitals vs 13 for Ducks.

3rd period


0:01 of 3rd period - Tomas Tatar wins face-off versus David Perron in neutral zone.
0:08 of 3rd period - Snap shot by Claude Giroux.
0:08 of 3rd period - Shot Hit the Post.
0:30 of 3rd period - Snap shot by Craig Smith.
0:30 of 3rd period - Shot Misses the Net.
0:46 of 3rd period - Wrist shot by Riley Nash.
0:46 of 3rd period - Stopped by Antti Raanta without a rebound.
0:47 of 3rd period - Valtteri Filppula wins face-off versus Riley Nash in Capitals zone.
0:52 of 3rd period - Slapshot by Ian Cole.
0:52 of 3rd period - Deflect By Valtteri Filppula.
0:52 of 3rd period - Stopped by Jacob Markstrom with a rebound.
0:54 of 3rd period - Wrist shot by Valtteri Filppula.
0:54 of 3rd period - Shot Misses the Net.
0:56 of 3rd period - Slapshot by Ian Cole.
0:56 of 3rd period - Stopped by Jacob Markstrom without a rebound.
0:57 of 3rd period - Claude Giroux wins face-off versus Elias Lindholm in Ducks zone.
1:03 of 3rd period - Off-side.
1:04 of 3rd period - Elias Lindholm wins face-off versus Claude Giroux in neutral zone.
1:09 of 3rd period - Snap shot by Elias Lindholm.
1:09 of 3rd period - Shot Blocked by Oliver Ekman-Larsson.
1:29 of 3rd period - Wrist shot by Elias Lindholm.
1:29 of 3rd period - Stopped by Antti Raanta with a rebound.
1:31 of 3rd period - Slapshot by Jack Johnson.
1:31 of 3rd period - Deflect By Elias Lindholm.
1:31 of 3rd period - Stopped by Antti Raanta without a rebound.
1:32 of 3rd period - Jean-Gabriel Pageau wins face-off versus Elias Pettersson in Capitals zone.
1:59 of 3rd period - Deryk Engelland is hit by Ian Cole and loses puck.
2:27 of 3rd period - Minor Penalty to David Perron for Interference.
2:28 of 3rd period - Claude Giroux wins face-off versus Elias Lindholm in Ducks zone.
2:38 of 3rd period - Snap shot by Tomas Tatar.
2:38 of 3rd period - Stopped by Jacob Markstrom without a rebound.
2:39 of 3rd period - Claude Giroux wins face-off versus Elias Lindholm in Ducks zone.
2:46 of 3rd period - Snap shot by Tomas Tatar.
2:46 of 3rd period - Shot Misses the Net.
2:48 of 3rd period - Slapshot by Oliver Ekman-Larsson.
2:48 of 3rd period - Deflect By Jake Guentzel.
2:48 of 3rd period - Shot Misses the Net.
2:48 of 3rd period - Puck is out of play.
2:49 of 3rd period - Claude Giroux wins face-off versus Elias Lindholm in Ducks zone.
2:52 of 3rd period - Slapshot by Tomas Tatar.
2:52 of 3rd period - Shot Misses the Net.
2:54 of 3rd period - Wrist shot by Claude Giroux.
2:54 of 3rd period - Goal by Claude Giroux - Capitals : 1 - Ducks : 2.
2:55 of 3rd period - Claude Giroux wins face-off versus Tom Wilson in neutral zone.
3:08 of 3rd period - Snap shot by Jake Guentzel.
3:08 of 3rd period - Stopped by Jacob Markstrom without a rebound.
3:09 of 3rd period - Claude Giroux wins face-off versus Elias Lindholm in Ducks zone.
3:32 of 3rd period - Minor Penalty to David Perron for Hooking.
3:33 of 3rd period - Claude Giroux wins face-off versus Elias Lindholm in Ducks zone.
3:59 of 3rd period - Jack Johnson is hit by Damon Severson and loses puck.
4:08 of 3rd period - Jordan Staal is hit by Oliver Ekman-Larsson and loses puck.
4:44 of 3rd period - Minor Penalty to Tom Wilson for Holding.
4:45 of 3rd period - Elias Lindholm wins face-off versus Brock Nelson in Ducks zone.
4:59 of 3rd period - Wrist shot by Elias Pettersson.
4:59 of 3rd period - Shot Misses the Net.
5:01 of 3rd period - Snap shot by Brady Skjei.
5:01 of 3rd period - Stopped by Jacob Markstrom without a rebound.
5:02 of 3rd period - Brock Nelson wins face-off versus Elias Lindholm in Ducks zone.
5:32 of 3rd period - Penalty to David Perron is over, David Perron is back on ice.
5:53 of 3rd period - Josh Bailey is hit by Deryk Engelland and loses puck.
6:44 of 3rd period - Penalty to Tom Wilson is over, Tom Wilson is back on ice.
6:49 of 3rd period - Nick Leddy is hit by Brock Nelson and loses puck.
7:00 of 3rd period - Snap shot by Valtteri Filppula.
7:00 of 3rd period - Goal by Valtteri Filppula - Capitals : 2 - Ducks : 2.
7:01 of 3rd period - Elias Lindholm wins face-off versus Valtteri Filppula in neutral zone.
7:16 of 3rd period - Slapshot by Darren Helm.
7:16 of 3rd period - Deflect By Valtteri Filppula.
7:16 of 3rd period - Stopped by Jacob Markstrom without a rebound.
7:17 of 3rd period - Jordan Staal wins face-off versus Claude Giroux in Ducks zone.
7:22 of 3rd period - Slapshot by Alexander Edler.
7:22 of 3rd period - Stopped by Antti Raanta with a rebound.
7:30 of 3rd period - Slapshot by Craig Smith.
7:30 of 3rd period - Goal by Craig Smith - Capitals : 2 - Ducks : 3.
7:31 of 3rd period - Elias Lindholm wins face-off versus Claude Giroux in neutral zone.
7:39 of 3rd period - Damon Severson is hit by Elias Lindholm and loses puck.
7:48 of 3rd period - Snap shot by Tomas Tatar.
7:48 of 3rd period - Deflect By David Perron.
7:48 of 3rd period - Stopped by Jacob Markstrom without a rebound.
7:49 of 3rd period - Elias Pettersson wins face-off versus Jordan Staal in Ducks zone.
7:52 of 3rd period - Wrist shot by Josh Bailey.
7:52 of 3rd period - Shot Misses the Net.
7:54 of 3rd period - Snap shot by Brady Skjei.
7:54 of 3rd period - Shot Blocked by Craig Smith.
8:00 of 3rd period - Slapshot by Elias Pettersson.
8:00 of 3rd period - Shot Misses the Net.
8:22 of 3rd period - Snap shot by Tom Wilson.
8:22 of 3rd period - Shot Misses the Net.
8:24 of 3rd period - Slapshot by Alexander Edler.
8:24 of 3rd period - Shot Misses the Net.
8:26 of 3rd period - Snap shot by Elias Lindholm.
8:26 of 3rd period - Deflect By David Perron.
8:26 of 3rd period - Shot Hit the Post.
8:26 of 3rd period - Puck is out of play.
8:27 of 3rd period - Elias Lindholm wins face-off versus Valtteri Filppula in Capitals zone.
8:38 of 3rd period - Slapshot by Tom Wilson.
8:38 of 3rd period - Shot Misses the Net.
8:40 of 3rd period - Slapshot by Deryk Engelland.
8:40 of 3rd period - Stopped by Antti Raanta with a rebound.
8:42 of 3rd period - Slapshot by Nick Leddy.
8:42 of 3rd period - Stopped by Antti Raanta with a rebound.
8:44 of 3rd period - Wrist shot by Elias Lindholm.
8:44 of 3rd period - Stopped by Antti Raanta without a rebound.
8:45 of 3rd period - Jake Guentzel wins face-off versus Jordan Staal in Capitals zone.
8:52 of 3rd period - Snap shot by Oliver Ekman-Larsson.
8:52 of 3rd period - Deflect By Claude Giroux.
8:52 of 3rd period - Stopped by Jacob Markstrom without a rebound.
8:53 of 3rd period - Jordan Staal wins face-off versus Claude Giroux in Ducks zone.
8:53 of 3rd period - Jordan Staal is hit by Damon Severson.
9:17 of 3rd period - Snap shot by Craig Smith.
9:17 of 3rd period - Shot Blocked by Damon Severson.
9:25 of 3rd period - Wrist shot by Claude Giroux.
9:25 of 3rd period - Stopped by Jacob Markstrom with a rebound.
9:29 of 3rd period - Slapshot by Tomas Tatar.
9:29 of 3rd period - Shot Blocked by Jordan Staal.
9:31 of 3rd period - Snap shot by Tomas Tatar.
9:31 of 3rd period - Deflect By Claude Giroux.
9:31 of 3rd period - Stopped by Jacob Markstrom without a rebound.
9:32 of 3rd period - Elias Lindholm wins face-off versus Brock Nelson in Ducks zone.
10:03 of 3rd period - Snap shot by Riley Nash.
10:03 of 3rd period - Shot Misses the Net.
10:23 of 3rd period - Slapshot by Oliver Ekman-Larsson.
10:23 of 3rd period - Shot Blocked by Jean-Gabriel Pageau.
10:25 of 3rd period - Slapshot by Oliver Ekman-Larsson.
10:25 of 3rd period - Deflect By Tyler Pitlick.
10:25 of 3rd period - Shot Blocked by Deryk Engelland.
10:25 of 3rd period - Puck is out of play.
10:26 of 3rd period - Riley Sheahan wins face-off versus Jordan Staal in Ducks zone.
10:53 of 3rd period - Tyler Pitlick is hit by Craig Smith and loses puck.
11:00 of 3rd period - Wrist shot by Oliver Ekman-Larsson.
11:00 of 3rd period - Shot Blocked by Alexander Edler.
11:02 of 3rd period - Slapshot by Damon Severson.
11:02 of 3rd period - Deflect By Craig Smith.
11:02 of 3rd period - Stopped by Jacob Markstrom with a rebound.
11:16 of 3rd period - Slapshot by Craig Smith.
11:16 of 3rd period - Shot Blocked by Damon Severson.
11:26 of 3rd period - Alexander Edler is hit by Tyler Pitlick and loses puck.
11:39 of 3rd period - Slapshot by Oliver Ekman-Larsson.
11:39 of 3rd period - Shot Blocked by Alexander Edler.
11:53 of 3rd period - Snap shot by Craig Smith.
11:53 of 3rd period - Shot Blocked by Damon Severson.
11:59 of 3rd period - Snap shot by Craig Smith.
11:59 of 3rd period - Shot Misses the Net.
12:48 of 3rd period - Jordan Staal is hit by Tyler Pitlick and loses puck.
13:30 of 3rd period - Snap shot by Jean-Gabriel Pageau.
13:30 of 3rd period - Stopped by Antti Raanta with a rebound.
13:39 of 3rd period - Snap shot by Oliver Ekman-Larsson.
13:39 of 3rd period - Deflect By Derek Grant.
13:39 of 3rd period - Shot Blocked by Alexander Edler.
13:39 of 3rd period - Puck is out of play.
13:40 of 3rd period - Claude Giroux wins face-off versus Elias Lindholm in Ducks zone.
14:07 of 3rd period - Milan Lucic is hit by Elias Pettersson and loses puck.
15:20 of 3rd period - Elias Pettersson is hit by Milan Lucic and loses puck.
16:34 of 3rd period - Icing by Brady Skjei.
16:35 of 3rd period - Riley Nash wins face-off versus Claude Giroux in Capitals zone.
16:46 of 3rd period - Snap shot by Joel Eriksson Ek.
16:46 of 3rd period - Shot Blocked by Trevor Lewis.
16:48 of 3rd period - Snap shot by Darren Helm.
16:48 of 3rd period - Shot Misses the Net.
16:50 of 3rd period - Wrist shot by Darren Helm.
16:50 of 3rd period - Shot Misses the Net.
16:52 of 3rd period - Wrist shot by Joel Eriksson Ek.
16:52 of 3rd period - Shot Blocked by David Perron.
16:54 of 3rd period - Slapshot by Ian Cole.
16:54 of 3rd period - Shot Misses the Net.
17:04 of 3rd period - Claude Giroux is hit by Tom Wilson and loses puck.
17:29 of 3rd period - Andreas Englund is hit by Claude Giroux and loses puck.
17:52 of 3rd period - Joel Eriksson Ek is hit by Tom Wilson.
18:56 of 3rd period - Snap shot by Elias Lindholm.
18:56 of 3rd period - Stopped by Antti Raanta with a rebound.
18:58 of 3rd period - Snap shot by Elias Lindholm.
18:58 of 3rd period - Stopped by Antti Raanta with a rebound.
19:00 of 3rd period - Slapshot by Elias Lindholm.
19:00 of 3rd period - Shot Misses the Net.
19:02 of 3rd period - Slapshot by Scott Mayfield.
19:02 of 3rd period - Stopped by Antti Raanta without a rebound.
19:03 of 3rd period - John Tortorella call a timeout for Capitals.
19:03 of 3rd period - Elias Lindholm wins face-off versus Claude Giroux in Capitals zone.
19:09 of 3rd period - Minor Penalty to Oliver Ekman-Larsson for Goalie Interference.
19:10 of 3rd period - Elias Lindholm wins face-off versus Darren Helm in Capitals zone.
Goals for this period are 2 for Capitals vs 1 for Ducks.
Shots for this period are 13 for Capitals vs 12 for Ducks. Output by the SimonT Hockey Simulator (STHS) for Alexandre Lamarre - Original Page W3C HTML5 Valid
Hockey Simulator - Hockey Simulation - Hockey Manager